 Dungeon Crawl Stone Soup version 0.32-a0-473-gd044c6f0f0 (webtiles) character file.

Game seed: 11566845498541188276

42 cforsyth the Trooper (level 3, -4/30 HPs)
             Began as a Coglin Cinder Acolyte on Feb 25, 2024.
             Was a High Priest of Ignis.
             Slain by a gnoll
             ... wielding a +0 whip
              (6 damage)
             ... on level 3 of the Dungeon.
             The game lasted 00:02:10 (1222 turns).

cforsyth the Trooper (Coglin Cinder Acolyte)        Turns: 1222, Time: 00:02:10

Health: -4/30      AC:  4    Str: 16    XL:     3   Next: 56%
Magic:  4/4        EV: 11    Int: 13    God:    Ignis [*****.]
Gold:   79         SH:  0    Dex:  9    Spells: 2/4 levels left

rFire   + . .        a - -1 hand axe (flame) {Hajoon}
rCold   . . .        (no shield)
rNeg    . . .        b - +0 robe
rPois   .            c - +2 hat
rElec   .            (no cloak)
rCorr   .            (no gloves)
SInv    .            (no boots)
Will    .....        (no amulet)
Stlth   +            (ring unavailable)
HPRegen 0.25/turn    (ring unavailable)
MPRegen 0.09/turn

%: no passive effects
@: weak-willed
A: off-hand wielding, slow wielding, warmup strikes, no rings
a: Renounce Religion, Fiery Armour, Foxfire Swarm, Rising Flame


You were on level 3 of the Dungeon.
You worshipped Ignis.
Ignis was extremely pleased with you.
You visited 1 branch of the dungeon, and saw 3 of its levels.

You collected 79 gold pieces.


Innate Abilities, Weirdness & Mutations

You can wield a second weapon in your off-hand.
It takes a long time for you to wield or remove held weapons.
Your first few attacks do less damage.
Your grasper-arms cannot wear rings.


   Skills:
 + Level 3.8 Fighting
 - Level 3.0 Axes
 + Level 1.8 Armour
 - Level 1.0 Spellcasting
 - Level 2.6 Fire Magic


You had 2 spell levels left.
You knew the following spells:

 Your Spells              Type           Power      Damage    Failure   Level
X - Scorch                Fire           14%        2d5       14%         2

Your spell library contained the following spells:

 Spells                   Type           Power      Damage    Failure   Level
 Ensorcelled Hibernation  Hex/Ice        0%         N/A       38%         2
 Passwall                 Erth           0%         N/A       63%         3
 Swiftness                Air            0%         N/A       63%         3

Inventory:

Hand Weapons
 a - a -1 hand axe of flaming (weapon) {Hajoon}
Armour
 b - a +0 robe (worn)
 c - a +2 hat (worn)
Scrolls
 d - 3 scrolls of identify {@r1}
 e - a scroll of teleportation {unknown}
 i - a scroll of enchant armour {unknown}
 k - a scroll of brand weapon {unknown}
 l - a scroll of vulnerability
 m - a scroll of poison {unknown}
Potions
 f - a potion of curing {unknown}
 g - 2 potions of cancellation
 h - a potion of magic {unknown}
 j - a potion of enlightenment {unknown}

Dungeon Overview and Level Annotations

Branches:
Dungeon (2/15)

Altars:
Elyvilon
Zin
The Shining One

...⚑.ßß..###....###.
.⚑ß......# ####....
...⚑.ßßgg# ....
▓....▓▓.#####.. #..#
▓▓... ▓g....... ...
▓▓. ▓ro###### ▓ ▓b##
▓g# ▓@# ▓.# ▓.# ..#
###


You could see 4 gnolls, an orc (weak-willed), a bat (weak-willed) and a rat
(weak-willed).


Message History

The gnoll misses you.
The gnoll shouts!
You hit the gnoll. You burn the gnoll.
The gnoll is heavily wounded.
The gnoll hits you with a +0 whip. The gnoll barely misses you.
The gnoll misses you.
You hit the gnoll but do no damage.
The gnoll is heavily wounded.
A bat comes into view.
The gnoll hits you with a +0 whip.
The gnoll hits you from afar with a +0 spear.
* * * LOW HITPOINT WARNING * * *
The gnoll closely misses you. The gnoll attacks as it pursues you!
The gnoll hits you with a +0 whip!
* * * LOW HITPOINT WARNING * * *
The gnoll hits you with a +0 whip.
* * * LOW HITPOINT WARNING * * *
The bat hits you but does no damage. The gnoll attacks as it pursues you!
The gnoll hits you but does no damage. The bat attacks as it pursues you!
The bat barely misses you. The bat misses you.
As you read the scroll labelled GAIPIRPH VIONN, it crumbles to dust.
It is a scroll of identify.
g - 2 potions of cancellation The gnoll barely misses you.
As you read the scroll labelled SIOMOSCH PEIN, it crumbles to dust.
A wave of despondency washes over your surroundings.
It was a scroll of vulnerability.
The gnoll hits you with a +0 whip.
You die...
Ignis goes out, and joins you in death.

Skill      XL: |  1  2 |
---------------+-------+-----
Armour         | 1 |  1.8
Fighting       | |  3.8
Axes           | |  3.0
Spellcasting   | |  1.0
Fire Magic     | |  2.6

Action                     || total
---------------------------++-------
  Melee: Hand axe          ||    65
   Cast: Scorch            ||     8
    Use: Scroll            ||     2
 Armour: Robe              ||    47
  Dodge: Dodged            ||    47

Levels and vault maps discovered:
D:1:      mrwooster_arrival_arrow, layout_loops_ring,
          wander_ebering_terrifying_dragon_lair
D:2:      layout_rooms, minmay_pentomino_w2
D:3:      layout_rooms, dreamdust_divine_triumvirate, grunt_qazlal_clouds,
          gammafunk_ghost_stat_death, chequers_serial_rivers_micro_c,
          uniq_crazy_yiuf_cottage, uniq_robin

Notes
Turn   | Place    | Note
-------+----------+-------------------------------------------
     0 | D:1      | cforsyth the Coglin Cinder Acolyte began the quest for the
                  | Orb.
     0 | D:1      | Reached XP level 1. HP: 18/18 MP: 2/2
   207 | D:1      | Reached XP level 2. HP: 24/24 MP: 3/3
   213 | D:1      | Reached skill level 1 in Armour
   653 | D:1      | Learned a level 2 spell: Scorch
   730 | D:2      | Reached XP level 3. HP: 30/30 MP: 1/4
  1192 | D:2      | You fall into a shaft and drop 1 floor!
  1192 | D:3      | Found a glowing silver altar of Zin.
  1192 | D:3      | Found a glowing golden altar of the Shining One.
  1192 | D:3      | Found a white marble altar of Elyvilon.
  1215 | D:3      | HP: 1/30 [gnoll/+0 whip (4)]
  1222 | D:3      | Slain by a gnoll

Vanquished Creatures
  An adder (D:2)
  A dart slug (D:2)
  An endoplasm (D:1)
  A giant cockroach (D:1)
  2 goblins
  2 hobgoblins (D:1)
  2 jackals (D:1)
  A kobold (D:1)
  2 quokkas (D:1)
  4 ball pythons
  7 bats
  3 frilled lizards
  3 rats (D:1)
30 creatures vanquished.

Table legend: (Time is in decaauts)
 A = Elapsed time spent in this place.
 B = Non-inter-level travel time spent in this place.
 C = Inter-level travel time spent in this place.
 D = Time resting spent in this place.
 E = Time spent auto-exploring this place.
 F = Levels seen in this place.
 G = Mean time per level.
                   A        B        C        D        E       F      G
               +--------+--------+--------+--------+--------+-----+--------+
         Total |   1231 |   1188 |     43 |      0 |    962 |   3 |  410.3 |
       Dungeon |   1231 |   1188 |     43 |      0 |    962 |   3 |  410.3 |
               +--------+--------+--------+--------+--------+-----+--------+

Top non-repeatable levels by time:
     D:1: 703 daAuts
     D:2: 497 daAuts
     D:3: 30 daAuts

Table legend:
 A = Non-vault XP
 B = Vault XP
 C = Vault XP percentage of total XP
 D = Non-vault monster count
 E = Vault monster count
 F = Vault count percentage of total count
                 A         B        C        D         E       F
            +---------+---------+-------+---------+---------+-------
      Total |      57 |       4 |   6.6 |      27 |       3 |  10.0
            +---------+---------+-------+---------+---------+-------
        D:1 |      31 |       1 |   3.1 |      19 |       1 |   5.0
        D:2 |      24 |       3 |  11.1 |       7 |       2 |  22.2
        D:3 |       2 |       0 |   0.0 |       1 |       0 |   0.0
            +---------+---------+-------+---------+---------+-------
